 Dungeon Crawl Stone Soup version 0.21.1-1-g345015f (webtiles) character file.

51 Monsterracer the Scratcher (level 3, 15/15 HPs)
             Began as a Felid Transmuter on Feb 10, 2018.
             Was a Follower of Uskayaw.
             Quit the game on level 2 of the Dungeon.
             The game lasted 00:02:52 (1670 turns).

Monsterracer the Scratcher (Felid Transmuter)       Turns: 1670, Time: 00:02:52

Health: 15/15      AC:  1    Str:  6    XL:     3   Next: 57%
Magic:  7/7        EV: 18    Int: 15    God:    Uskayaw [*.....]
Gold:   43         SH:  0    Dex: 16    Spells: 0/6 levels left
                                        Lives:  0   Deaths: 1

rFire    . . .     SeeInvis +     - Unarmed
rCold    . . .     Gourm    .   (shield unavailable)
rNeg     . . .     Faith    .   (armour unavailable)
rPois    .         Spirit   .   (helmet unavailable)
rElec    .         Reflect  .   (cloak unavailable)
rCorr    .         Harm     .   (gloves unavailable)
MR       .....                  (boots unavailable)
Stlth    ++........             (no amulet)
HPRegen  0.05/turn              (no ring)
MPRegen  0.10/turn              (no ring)

@: quick
A: very small, no armour, no weapons or thrown items, stealth, claws 1, fangs 3,
see invisible, carnivore, speed 1, shaggy fur 1, slow metabolism 1, sharp paws
a: Stomp, Renounce Religion


You were on level 2 of the Dungeon.
You worshipped Uskayaw.
Uskayaw was noncommittal.
You were not hungry.

You visited 1 branch of the dungeon, and saw 2 of its levels.

You collected 43 gold pieces.

Inventory:

Missiles
 a - 33 arrows
Scrolls
 d - 3 scrolls of identify {unknown}
 e - a scroll of amnesia {unknown}
 f - a scroll of random uselessness {unknown}
 i - 2 scrolls of remove curse {unknown}
 j - a scroll of magic mapping {unknown}
 k - 2 scrolls of teleportation {unknown}
 n - a scroll of blinking {unknown}
Potions
 g - a potion of curing {unknown}
 h - a potion of degeneration {unknown}
 m - a potion of cancellation {unknown}
 o - a potion of might {unknown}
Books
 b - a book of Changes

   Spells                             Type                      Level
   a - Beastly Appendage              Transmutation                1
   b - Sticks to Snakes               Transmutation                2
   c - Spider Form                    Transmutation/Poison         3
   d - Ice Form                       Ice/Transmutation            4
   e - Blade Hands                    Transmutation                5
Comestibles
 c - 3 rations
 l - a chunk of flesh


   Skills:
 - Level 1.0 Fighting
 - Level 2.6 Dodging
 + Level 0.8 Stealth
 * Level 4.7 Unarmed Combat
 - Level 2.0 Spellcasting
 + Level 3.4 Transmutations


You couldn't memorise any spells.
You knew the following spells:

 Your Spells              Type           Power        Failure   Level  Hunger
a - Beastly Appendage     Tmut           ##....       5%          1    #......
b - Sticks to Snakes      Tmut           ##......     9%          2    ###....
c - Spider Form           Tmut/Pois      #.........   32%         3    ###....


Dungeon Overview and Level Annotations

Branches:
Dungeon (2/15)

Altars:
Uskayaw
Xom

Annotations:
D:2 Natasha


Innate Abilities, Weirdness & Mutations

You cannot wear armour.
You are incapable of wielding weapons or throwing items.
Your paws allow you to move quietly. (Stealth)
You have sharp claws.
You have razor-sharp teeth.
You have supernaturally acute eyesight. (SInv)
You are carnivorous and can eat meat at any time.
You cover ground quickly.
You are covered in fur. (AC +1)
You have a slow metabolism.
Your sharp claws are effective at attacking unaware monsters.


Message History

You turn into a venomous arachnid creature.
Natasha hisses angrily.
You now have 5/8 mp.
Natasha misses you.
You hit Natasha.
Natasha is poisoned.
Natasha is moderately wounded.
Natasha claws you but does no damage.
You can now stomp with the beat.
You barely miss Natasha.
Natasha is moderately wounded.
Natasha misses you.
You hit Natasha.
Natasha looks as sick as possible!
Natasha is almost dead.
You kill Natasha!
Natasha growls in agony!
No target in view!
No target in view!
Your transformation is almost over.
Your transformation has ended.
You regained 2 mp, and now have 7/8 mp.
o - a pink potion MP restored: 8 You see here a glowing dagger.
c - 3 rations (gained 1)
Found 19 stones.
k - 2 scrolls labeled OVVUCI QUPLATEHUOH (gained 1)
Found a stone staircase leading down.
There is a stone staircase leading up here.
You now have 43 gold pieces (gained 12).
Natasha, Servant of Life and Death comes into view.
Natasha is nearby!
Natasha is nearby!
Casting: Spider Form
Confirm with . or Enter, or press ? or * to list all spells.
You turn into a venomous arachnid creature.
Natasha extends her claws.
You now have 5/8 mp.
A rat comes into view.
Natasha misses you.
Found 2 gold pieces.
You hit Natasha.
Natasha is lightly wounded.
The rat misses you.
Natasha wildly gestures.
Natasha shimmers violently.
Natasha misses you.
You hit Natasha.
Natasha is heavily wounded.
The rat misses you. Natasha completely misses you.
You miss Natasha.
Natasha is heavily wounded.
The rat bites you but does no damage. Natasha completely misses you.
You closely miss Natasha.
Natasha is heavily wounded.
Your transformation is almost over.
The rat completely misses you.
Natasha casts a spell.
You barely miss Natasha.
Natasha is heavily wounded.
The rat closely misses you. Natasha barely misses you.
You hit Natasha.
Natasha is poisoned.
Natasha is heavily wounded.
The rat completely misses you.
You hit Natasha.
Natasha looks even sicker.
Natasha is severely wounded.
Natasha claws you! The shadow imp misses you. The rat barely misses you.
You can now pass through a line of other dancers.
You take 9 damage, and have 10/19 hp.
MASSIVE DAMAGE!!
You are too injured to fight recklessly!
You are too injured to fight recklessly!
You are too injured to fight recklessly!
You barely miss Natasha.
Natasha is almost dead.
Natasha completely misses you. The shadow imp closely misses you.
You hit Natasha but do no damage.
Natasha is almost dead.
The rat barely misses you. Natasha misses you. The shadow imp gestures at you.
You struggle to resist.
You barely miss Natasha.
Natasha is almost dead.
The rat bites you but does no damage.
Natasha howls an incantation.
You feel disoriented. Natasha claws you!
* * * LOW HITPOINT WARNING * * *
The shadow imp closely misses you.
You take 9 damage, and have 1/19 hp.
MASSIVE DAMAGE!!
You completely miss Natasha.
Natasha is almost dead.
The rat completely misses you. Natasha claws you!
You die...
Your shape twists and changes as you die.
The shadow imp completely misses you.
You can no longer pass through a line of other dancers.
You are now level 3!
Your transformation has ended.
You rejoin the land of the living...
Health restored: 15; MP restored: 7 Are you sure you want to abandon this character and quit the game? (Confirm with "yes".)

#.#...........####..
#.....[........... #
#...............## #
#.#.................
...............####.
..........<........
####...########.#
#####.### ###.# #.@...#
####...## #.###.#
#....#>.. #.###.##
#........
###.##...####.##^....
##......_......##.#..>
#####..####...##.####.#...
#......# ##.###.# ..##..
#......# #.###.# .###..#
#......# #.....# # ##.##


There were no monsters in sight!

Vanquished Creatures
  Natasha (twice) (D:2)
  An adder (D:2)
  An ooze (D:1)
  3 dart slugs (D:1)
  2 leopard geckos
  2 bats
  2 giant cockroaches (D:1)
  4 goblins (D:1)
  4 hobgoblins
  4 jackals (D:1)
  2 ball pythons
  6 kobolds
  4 rats (D:1)
37 creatures vanquished.

Notes
Turn   | Place    | Note
-------+----------+-------------------------------------------
     0 | D:1      | Monsterracer the Felid Transmuter began the quest for the Orb.
     0 | D:1      | Reached XP level 1. HP: 9/9 MP: 4/4
   259 | D:1      | Reached XP level 2. HP: 10/12 MP: 4/6
   265 | D:1      | HP: 6/12 [giant cockroach (1)]
   482 | D:1      | Learned a level 2 spell: Sticks to Snakes
   873 | D:1      | Reached XP level 3. HP: 15/15 MP: 7/7
   882 | D:1      | Learned a level 3 spell: Spider Form
   949 | D:1      | Reached skill level 4 in Unarmed Combat
  1380 | D:2      | Found a shimmering altar of Xom.
  1505 | D:2      | Found a faded altar of an unknown god.
  1548 | D:2      | Found a hide-covered altar of Uskayaw.
  1548 | D:2      | Noticed Natasha
  1555 | D:2      | Killed Natasha
  1555 | D:2      | Reached XP level 4. HP: 19/19 MP: 4/8
  1561 | D:2      | Became a worshipper of Uskayaw the Reveler
  1597 | D:2      | Noticed Natasha
  1601 | D:2      | Reached * piety under Uskayaw
  1603 | D:2      | Killed Natasha
  1655 | D:2      | Noticed Natasha
  1665 | D:2      | Reached ** piety under Uskayaw
  1668 | D:2      | HP: 1/19 [Natasha (9)]
  1669 | D:2      | Mangled by Natasha
  1670 | D:2      | Reached XP level 3. HP: -6/15 MP: 6/7
  1670 | D:2      | Quit the game

Skill      XL: |  1  2  3 |
---------------+----------+-----
Unarmed Combat | 4 |  4.7
Transmutations | 3 |  3.4
Fighting       | |  1.0
Dodging        | |  2.6
Stealth        | |  0.8
Spellcasting   | |  2.0

Action                   |  1- 3 |  4- 6 || total
-------------------------+-------+-------++-------
Melee: Unarmed           |    79 |    18 ||    97
       Headbutt          |    10 |       ||    10
       Bite              |     1 |       ||     1
 Cast: Beastly Appendage |    14 |       ||    14
       Spider Form       |     1 |     2 ||     3
 Stab: Sleeping          |     8 |       ||     8
  Eat: Chunk             |     9 |       ||     9
Armor: Skin              |     3 |     3 ||     6
Dodge: Dodged            |    59 |    23 ||    82

Vault maps used:
D:1:      matt_arrival_los_fun
D:2:      eat_drink_and_be_merry_uskayaw, nicolae_overflow_crystal_walls,
          chequers_ecumenical_altar_simple_redux, uniq_natasha
